Map: Ice and Chrome LE

Players

A.I. 1 (Easy) - Winner!

  • Race: Terran Terran
  • Spawn Location: 7:00

Eleven

  • Race: Zerg Zerg
  • League: Diamond
  • Spawn Location: 1:00

VOD

Have the link to the VOD?

Description

Time

  • Played on: Jan. 12, 2021, 1:43 a.m.
  • Length: 5:06
Show
View Real Time Build Order
Export as new Build Order

A.I. 1 (Easy) Terran - Winner!

Build Orders:  

Get SALT Encoding   

  12  0:00  SCV  
  13  0:13  SCV  
  14  0:18  Supply Depot  
  14  0:25  SCV  
  15  0:40  SCV  
  16  0:43  Barracks  
  16  1:09  Command Center  
  16  1:29  Marine  
  16  1:30  Orbital Command  
  16  1:32  Supply Depot  
  17  1:40  Refinery  
  17  1:47  Marine  
  17  1:50  Refinery  
  18  1:55  SCV  
  19  2:05  Marine  
  19  2:07  SCV  
  21  2:19  SCV  
  21  2:21  SCV  
  23  2:25  Barracks Tech Lab  
  23  2:31  SCV  
  23  2:33  SCV  
  25  2:42  Refinery  
  25  2:43  Marine  
  26  2:52  SCV  
  26  2:56  SCV  
  28  3:04  SCV  
  31  3:05  Marauder  
  31  3:08  SCV  
  32  3:16  SCV  
  33  3:23  SCV, Supply Depot  
  34  3:28  Marauder, SCV  
  37  3:35  SCV  
  37  3:41  SCV  
  39  3:47  SCV  
  40  3:49  Marine  
  40  3:51  Supply Depot  
  40  3:53  SCV  
  42  3:59  SCV  
  43  4:11  Marine  
  43  4:13  SCV  
  43  4:15  Factory  
  45  4:18  SCV, Supply Depot  
  46  4:25  SCV  
  46  4:30  SCV  
  48  4:34  Marine  
  48  4:37  SCV  
  50  4:42  SCV, Supply Depot  
  50  4:49  SCV  
  51  4:54  SCV  
  54  5:02  Starport  
Show
View Real Time Build Order
Export as new Build Order

Eleven Zerg 

Build Orders: Hatch First 

Get SALT Encoding   

  12  0:00  Drone  
  13  0:12  Overlord  
  13  0:16  Drone  
  14  0:31  Drone x2  
  16  0:51  Hatchery  
  16  0:52  Drone  
  16  0:56  Drone  
  17  0:59  Drone  
  18  1:10  Extractor  
  17  1:15  Spawning Pool  
  17  1:18  Drone  
  17  1:21  Drone  
  18  1:28  Drone  
  19  1:43  Drone  
  20  1:53  Overlord  
  20  2:04  Queen x2  
  20  2:05  Zergling x4  
  26  2:12  Drone  
  26  2:14  Drone  
  28  2:22  Drone  
  29  2:26  Drone  
  30  2:33  Hatchery  
  30  2:35  Overlord  
  29  2:44  Queen  
  29  2:46  Drone  
  29  2:49  Metabolic Boost  
  32  2:54  Drone x2  
  32  2:58  Drone  
  35  3:01  Drone  
  36  3:07  Drone  
  36  3:10  Drone  
  38  3:20  Drone x3  
  38  3:23  Overlord  
  38  3:26  Queen  
  43  3:31  Drone  
  44  3:35  Overlord  
  44  3:43  Drone x3  
  44  3:45  Queen  
  44  3:48  Drone  
  50  3:57  Baneling Nest  
  50  3:59  Zergling x8  
  50  4:00  Zergling x8  
  57  4:11  Queen  
  57  4:13  Overlord, Drone  
  57  4:14  Overlord  
  60  4:23  Overlord  
  60  4:31  Evolution Chamber  
  60  4:32  Drone x3  
  60  4:33  Evolution Chamber  
  60  4:35  Drone x5  
  66  4:45  Drone x4  
  72  4:50  Drone x3  
Tags
 
League
Diamond
Matchup
TvZ
Spawn Locations
Cross Positions
Add a new tag
Caveats
  • Supply blocks, unpowered buildings, or Contaminate may cause inaccurate times.
  • Supply counts are checked every 10 seconds.